%YAML 1.1
%TAG !u! tag:unity3d.com,2011:
--- !u!1001 &6342302086134474388
PrefabInstance:
  m_ObjectHideFlags: 0
  serializedVersion: 2
  m_Modification:
    serializedVersion: 3
    m_TransformParent: {fileID: 0}
    m_Modifications:
    - target: {fileID: -8679921383154817045, guid: d9d86c80ff6bb924ca3c96d7683a9549, type: 3}
      propertyPath: m_LocalPosition.x
      value: 26.65725
      objectReference: {fileID: 0}
    - target: {fileID: -8679921383154817045, guid: d9d86c80ff6bb924ca3c96d7683a9549, type: 3}
      propertyPath: m_LocalPosition.y
      value: 0
      objectReference: {fileID: 0}
    - target: {fileID: -8679921383154817045, guid: d9d86c80ff6bb924ca3c96d7683a9549, type: 3}
      propertyPath: m_LocalPosition.z
      value: -22.877125
      objectReference: {fileID: 0}
    - target: {fileID: -8679921383154817045, guid: d9d86c80ff6bb924ca3c96d7683a9549, type: 3}
      propertyPath: m_LocalRotation.w
      value: 0.7071067
      objectReference: {fileID: 0}
    - target: {fileID: -8679921383154817045, guid: d9d86c80ff6bb924ca3c96d7683a9549, type: 3}
      propertyPath: m_LocalRotation.x
      value: -0.7071068
      objectReference: {fileID: 0}
    - target: {fileID: -8679921383154817045, guid: d9d86c80ff6bb924ca3c96d7683a9549, type: 3}
      propertyPath: m_LocalRotation.y
      value: 0
      objectReference: {fileID: 0}
    - target: {fileID: -8679921383154817045, guid: d9d86c80ff6bb924ca3c96d7683a9549, type: 3}
      propertyPath: m_LocalRotation.z
      value: -0
      objectReference: {fileID: 0}
    - target: {fileID: -8679921383154817045, guid: d9d86c80ff6bb924ca3c96d7683a9549, type: 3}
      propertyPath: m_LocalEulerAnglesHint.x
      value: 0
      objectReference: {fileID: 0}
    - target: {fileID: -8679921383154817045, guid: d9d86c80ff6bb924ca3c96d7683a9549, type: 3}
      propertyPath: m_LocalEulerAnglesHint.y
      value: 0
      objectReference: {fileID: 0}
    - target: {fileID: -8679921383154817045, guid: d9d86c80ff6bb924ca3c96d7683a9549, type: 3}
      propertyPath: m_LocalEulerAnglesHint.z
      value: 0
      objectReference: {fileID: 0}
    - target: {fileID: 919132149155446097, guid: d9d86c80ff6bb924ca3c96d7683a9549, type: 3}
      propertyPath: m_Name
      value: Fire_Elemental_House_Broken
      objectReference: {fileID: 0}
    m_RemovedComponents: []
    m_RemovedGameObjects: []
    m_AddedGameObjects: []
    m_AddedComponents:
    - targetCorrespondingSourceObject: {fileID: 919132149155446097, guid: d9d86c80ff6bb924ca3c96d7683a9549, type: 3}
      insertIndex: -1
      addedObject: {fileID: 4538674640881499402}
    - targetCorrespondingSourceObject: {fileID: 919132149155446097, guid: d9d86c80ff6bb924ca3c96d7683a9549, type: 3}
      insertIndex: -1
      addedObject: {fileID: 2738024203389722917}
    - targetCorrespondingSourceObject: {fileID: 919132149155446097, guid: d9d86c80ff6bb924ca3c96d7683a9549, type: 3}
      insertIndex: -1
      addedObject: {fileID: 5131217179918758871}
    - targetCorrespondingSourceObject: {fileID: 919132149155446097, guid: d9d86c80ff6bb924ca3c96d7683a9549, type: 3}
      insertIndex: -1
      addedObject: {fileID: 7207357519287391894}
    - targetCorrespondingSourceObject: {fileID: 919132149155446097, guid: d9d86c80ff6bb924ca3c96d7683a9549, type: 3}
      insertIndex: -1
      addedObject: {fileID: 2951074937061995271}
  m_SourcePrefab: {fileID: 100100000, guid: d9d86c80ff6bb924ca3c96d7683a9549, type: 3}
--- !u!1 &6108301616799980485 stripped
GameObject:
  m_CorrespondingSourceObject: {fileID: 919132149155446097, guid: d9d86c80ff6bb924ca3c96d7683a9549, type: 3}
  m_PrefabInstance: {fileID: 6342302086134474388}
  m_PrefabAsset: {fileID: 0}
--- !u!65 &4538674640881499402
BoxCollider:
  m_ObjectHideFlags: 0
  m_CorrespondingSourceObject: {fileID: 0}
  m_PrefabInstance: {fileID: 0}
  m_PrefabAsset: {fileID: 0}
  m_GameObject: {fileID: 6108301616799980485}
  m_Material: {fileID: 0}
  m_IncludeLayers:
    serializedVersion: 2
    m_Bits: 0
  m_ExcludeLayers:
    serializedVersion: 2
    m_Bits: 0
  m_LayerOverridePriority: 0
  m_IsTrigger: 0
  m_ProvidesContacts: 0
  m_Enabled: 1
  serializedVersion: 3
  m_Size: {x: 3.1761837, y: 3.3316126, z: 1.5212905}
  m_Center: {x: -0.048386574, y: -0.07415313, z: 0.03261972}
--- !u!65 &2738024203389722917
BoxCollider:
  m_ObjectHideFlags: 0
  m_CorrespondingSourceObject: {fileID: 0}
  m_PrefabInstance: {fileID: 0}
  m_PrefabAsset: {fileID: 0}
  m_GameObject: {fileID: 6108301616799980485}
  m_Material: {fileID: 0}
  m_IncludeLayers:
    serializedVersion: 2
    m_Bits: 0
  m_ExcludeLayers:
    serializedVersion: 2
    m_Bits: 0
  m_LayerOverridePriority: 0
  m_IsTrigger: 0
  m_ProvidesContacts: 0
  m_Enabled: 1
  serializedVersion: 3
  m_Size: {x: 1.6499367, y: 0.5545055, z: 1.337081}
  m_Center: {x: 1.0497265, y: -1.4385918, z: 0.5684417}
--- !u!65 &5131217179918758871
BoxCollider:
  m_ObjectHideFlags: 0
  m_CorrespondingSourceObject: {fileID: 0}
  m_PrefabInstance: {fileID: 0}
  m_PrefabAsset: {fileID: 0}
  m_GameObject: {fileID: 6108301616799980485}
  m_Material: {fileID: 0}
  m_IncludeLayers:
    serializedVersion: 2
    m_Bits: 0
  m_ExcludeLayers:
    serializedVersion: 2
    m_Bits: 0
  m_LayerOverridePriority: 0
  m_IsTrigger: 0
  m_ProvidesContacts: 0
  m_Enabled: 1
  serializedVersion: 3
  m_Size: {x: 0.9505577, y: 0.50421244, z: 0.5571756}
  m_Center: {x: 2.1037922, y: 1.4235241, z: 0.094951674}
--- !u!65 &7207357519287391894
BoxCollider:
  m_ObjectHideFlags: 0
  m_CorrespondingSourceObject: {fileID: 0}
  m_PrefabInstance: {fileID: 0}
  m_PrefabAsset: {fileID: 0}
  m_GameObject: {fileID: 6108301616799980485}
  m_Material: {fileID: 0}
  m_IncludeLayers:
    serializedVersion: 2
    m_Bits: 0
  m_ExcludeLayers:
    serializedVersion: 2
    m_Bits: 0
  m_LayerOverridePriority: 0
  m_IsTrigger: 0
  m_ProvidesContacts: 0
  m_Enabled: 1
  serializedVersion: 3
  m_Size: {x: 1.6819992, y: 0.6031802, z: 0.788624}
  m_Center: {x: -0.09777832, y: 1.9681056, z: 0.011732072}
--- !u!65 &2951074937061995271
BoxCollider:
  m_ObjectHideFlags: 0
  m_CorrespondingSourceObject: {fileID: 0}
  m_PrefabInstance: {fileID: 0}
  m_PrefabAsset: {fileID: 0}
  m_GameObject: {fileID: 6108301616799980485}
  m_Material: {fileID: 0}
  m_IncludeLayers:
    serializedVersion: 2
    m_Bits: 0
  m_ExcludeLayers:
    serializedVersion: 2
    m_Bits: 0
  m_LayerOverridePriority: 0
  m_IsTrigger: 0
  m_ProvidesContacts: 0
  m_Enabled: 1
  serializedVersion: 3
  m_Size: {x: 0.4445095, y: 0.5337679, z: 1.0395454}
  m_Center: {x: -1.8553934, y: -0.84856474, z: 0.118581064}
